 Dungeon Crawl Stone Soup version 0.30.1-11-g7821555f0a (webtiles) character file.

Game seed: 10536870629306041976

351 lonewolfV2 the Fighter (level 6, -2/61 HPs)
             Began as a Minotaur Fighter on Nov 14, 2023.
             Was an Initiate of Ashenzari.
             Splashed by a jelly's acid (11 damage)
             ... on level 4 of the Dungeon.
             The game lasted 00:04:34 (3267 turns).

lonewolfV2 the Fighter (Minotaur Fighter)           Turns: 3267, Time: 00:04:35

Health: -2/61      AC: -6    Str: 20    XL:     6   Next: 34%
Magic:  5/5        EV: 10    Int:  5    God:    Ashenzari [......]
Gold:   137        SH:  5    Dex: 18    Spells: 5/5 levels left

rFire   . . .        a - +1 war axe
rCold   . . .        c - +0 buckler
rNeg    . . .        b - +0 scale mail
rPois   .            (helmet restricted)
rElec   .            p - +1 cloak
rCorr   .            (no gloves)
SInv    .            (no boots)
Will    .....        (no amulet) Stlth
                     h - +6 ring of dexterity
HPRegen 0.30/turn    (no ring)
MPRegen 0.09/turn

%: no passive effects
@: corroded
A: horns 2, retaliatory headbutt
a: Renounce Religion


You were on level 4 of the Dungeon.
You worshipped Ashenzari.
Ashenzari was noncommittal.
You visited 1 branch of the dungeon, and saw 4 of its levels.
You also visited: Sewer.

You collected 137 gold pieces.

Inventory:

Hand Weapons
 a - a +1 war axe (weapon)
Armour
 b - a +0 scale mail (worn)
 c - a +0 buckler (worn)
 p - a +1 cloak (worn)
Jewellery
 h - a +6 ring of dexterity (left hand)
 i - a +6 ring of strength
Wands
 d - a wand of flame (18)
Scrolls
 g - 4 scrolls of teleportation
 l - 2 scrolls of blinking
 r - 2 scrolls of magic mapping
Potions
 e - 2 potions of haste
 f - a potion of ambrosia {unknown}
 j - 3 potions of curing
 k - a potion of attraction {unknown}
 m - a potion of berserk rage {unknown}
 n - 3 potions of degeneration
 o - a potion of lignification {unknown}
 q - a potion of resistance
 s - a potion of might
 t - a potion of flight {unknown}
 u - a potion of heal wounds {unknown}


   Skills:
 - Level 8.0 Fighting
 - Level 2.4 Axes
 - Level 3.6 Armour
 * Level 2.7 Dodging
 - Level 3.6 Shields


You had 5 spell levels left.
You didn't know any spells.
Your spell library was empty.

Dungeon Overview and Level Annotations

Branches:
Dungeon (4/15)              Sewer (visited)
 Temple: D:4-7

Altars:
Ashenzari

Shops:
D:1 (?


Innate Abilities, Weirdness & Mutations

You have a pair of horns on your head.
You reflexively headbutt those who attack you in melee.


Message History

You hit the hobgoblin. You headbutt the hobgoblin.
You kill the hobgoblin!
HP restored.
Found a stone staircase leading down.
An endoplasm comes into view.
The endoplasm quivers.
An endoplasm is nearby!
An endoplasm is nearby!
A kobold comes into view. It is wielding a +0 short sword.
The kobold shouts!
The endoplasm freezes you.
You are frozen.
You barely miss the endoplasm.
You headbutt the endoplasm, but do no damage.
The endoplasm barely misses you.
You hit the endoplasm.
The endoplasm is moderately wounded.
A jelly comes into view.
The endoplasm hits you. x2
There are monsters nearby!
The jelly quivers.
You slash the endoplasm!
You kill the endoplasm!
Found a robe.
You closely miss the kobold. You hit the jelly. The acid corrodes you!
Your hands burn!
The jelly hits you.
You are splashed with acid!
The kobold hits you with a +0 short sword.
You hit the kobold but do no damage. You slash the jelly!
Your hands burn!
The kobold hits you but does no damage. The jelly hits you.
The acid corrodes you!
You are splashed with acid.
The jelly hits you.
You are splashed with acid.
You block the kobold's attack.
You hit the kobold.
You kill the kobold!
You hit the jelly. The acid corrodes you!
Your hands burn!
The jelly hits you. The acid corrodes you!
You are splashed with acid!
* * * LOW HITPOINT WARNING * * *
The jelly hits you.
* * * LOW HITPOINT WARNING * * *
The acid corrodes you!
You are splashed with acid!
You die...

#.####.# #.####.#
#.#..#.#
##########.#..#.####
#>..................
#...####.#.#.##.####
#####....###.#.#..#.####
........................
......J@####[#.#..#.####
..................#.# #
.......#####.######.# #
....... ... ..# #
....... #.# ### .......
#.# #.. ......[ ... #.#
....... #.# #.#


You could see a jelly.

Vanquished Creatures
  Sigmund (D:2)
  A hound (D:4)
  A hell rat (Sewer)
  5 adders
  2 worms (D:3)
  2 dart slugs
  4 bats
  8 endoplasms
  4 giant cockroaches
  7 goblins
  7 hobgoblins
  4 jackals (D:4)
  3 quokkas
  8 ball pythons
  10 frilled lizards
  8 kobolds
  11 rats
86 creatures vanquished.

Notes
Turn   | Place    | Note
-------+----------+-------------------------------------------
     0 | D:1      | lonewolfV2 the Minotaur Fighter began the quest for the
                  | Orb.
     0 | D:1      | Reached XP level 1. HP: 19/19 MP: 0/0
   114 | D:1      | Reached skill level 4 in Fighting
   125 | D:1      | Reached XP level 2. HP: 17/28 MP: 1/1
   204 | D:1      | Found Nyurong Fula's Magic Scroll Shop.
   245 | D:1      | Found a faded altar of an unknown god.
   365 | D:1      | Reached skill level 5 in Fighting
   424 | D:1      | Reached XP level 3. HP: 36/36 MP: 2/2
   454 | D:1      | Found Tuywn's Antique Weapon Boutique.
   899 | D:2      | Noticed Sigmund
   914 | D:2      | Killed Sigmund
   915 | D:2      | Reached skill level 7 in Fighting
   915 | D:2      | Reached XP level 4. HP: 4/47 MP: 3/3
   915 | D:2      | Reached XP level 5. HP: 4/52 MP: 4/4
  1616 | D:2      | Reached skill level 8 in Fighting
  1891 | D:3      | Found a glowing drain.
  1919 | Sewer    | Entered a sewer
  1983 | Sewer    | Reached skill level 1 in Dodging
  1983 | Sewer    | Reached XP level 6. HP: 27/60 MP: 5/5
  2724 | D:3      | Found a broken altar of Ashenzari.
  2728 | D:3      | Saw a vision of the Shoals and the Spider Nest.
  2728 | D:3      | Noticed a skyshark
  2728 | D:3      | Noticed a skyshark
  2728 | D:3      | Noticed a jumping spider
  2728 | D:3      | Noticed a manticore
  2728 | D:3      | Noticed a merfolk
  2728 | D:3      | Noticed a manticore
  2728 | D:3      | Noticed a manticore
  2728 | D:3      | Noticed a culicivora
  2728 | D:3      | Noticed a skyshark
  2728 | D:3      | Noticed a torpor snail
  2728 | D:3      | Noticed a merfolk siren
  2728 | D:3      | Noticed a sea snake
  2728 | D:3      | Noticed a merfolk avatar
  2728 | D:3      | Noticed a tarantella
  2728 | D:3      | Noticed a wolf spider
  2728 | D:3      | Noticed a merfolk siren
  2728 | D:3      | Noticed a manticore
  2728 | D:3      | Noticed a culicivora
  2729 | D:3      | Noticed a merfolk
  2729 | D:3      | Noticed a redback
  2730 | D:3      | Noticed a demonic crawler
  2895 | D:3      | Identified the +4 bardiche "Jasas" {heavy, Str+4}
  3153 | D:3      | Became a worshipper of Ashenzari the Shackled
  3267 | D:4      | Splashed by a jelly's acid

Illustrated notes

Levels and vault maps discovered:
D:1:      dpeg_arrival_concentric_ovals, layout_loops_ring,
          dreamdust_ecumenical_altar_grove, serial_shops, nicolae_shop_trees,
          shop, chequers_mini_garden
D:2:      layout_basic, uniq_sigmund
D:3:      layout_basic, grunt_ashenzari_visionary
          [grunt_ashenzari_visionary_shoals, grunt_ashenzari_visionary_spider],
          cheibrodos_sewer_entry_sluice
D:4:      layout_basic

Skill      XL: |  1  2  3  4  5  6 |
---------------+-------------------+-----
Fighting       | 4 5 7 8 |  8.0
Dodging        | 1 2 |  2.7
Axes           | |  2.4
Armour         | |  3.6
Shields        | |  3.6

Action                     |  1- 3 |  4- 6 || total
---------------------------+-------+-------++-------
  Melee: War axe           |    68 |    90 ||   158
         Headbutt          |     5 |    14 ||    19
    Use: Scroll            |     8 |     6 ||    14
         Potion            |     1 |       ||     1
 Armour: Scale mail        |    34 |    53 ||    87
  Dodge: Dodged            |    34 |    40 ||    74
  Block: Buckler           |    18 |    32 ||    50
